 Dungeon Crawl Stone Soup version 0.26-b1-52-g61e05abef2 (webtiles) character file.

Game seed: 7779723937987057411

25 Mattiprrivan the Grave Robber (level 3, 0/22 HPs)
             Began as a Halfling Necromancer on Jan 7, 2021.
             Slain by a worm (6 damage)
             ... on level 1 of the Dungeon.
             The game lasted 00:15:29 (974 turns).

Mattiprrivan the Grave Robber (Halfling Necromancer) Turns: 974, Time: 00:15:30

Health: 0/22       AC:  4    Str:  9 (10) XL:     3   Next: 20%
Magic:  1/5        EV: 14    Int: 10 (13) God:
Gold:   81         SH:  0    Dex: 12 (14) Spells: 3/5 levels left

rFire    . . .     SeeInvis .   c - +0 dagger
rCold    . . .     Faith    .   (shield restricted)
rNeg     . . .     Spirit   .   g - +0 leather armour
rPois    .         Reflect  .   (no helmet)
rElec    .         Harm     .   d - +0 cloak
rCorr    .         Rampage  .   (no gloves)
Will     .....                  (no boots)
Stlth    ++........             (no amulet)
HPRegen  0.07/turn              (no ring)
MPRegen  0.09/turn              (no ring)

@: very slightly contaminated, invisible
A: small, mutation resistance 1
a: no special abilities


You were on level 1 of the Dungeon.
You visited 1 branch of the dungeon, and saw 2 of its levels.

You collected 81 gold pieces.

Inventory:

Hand Weapons
 c - a +0 dagger (weapon)
Armour
 d - a +0 cloak (worn)
 g - a +0 leather armour (worn)
Scrolls
 e - a scroll of identify
 f - a scroll of teleportation
Potions
 b - a potion of invisibility


   Skills:
 * Level 0.3 Fighting
 * Level 0.4 Short Blades
 * Level 0.4 Throwing
 * Level 0.5 Armour
 * Level 2.2 Dodging
 * Level 2.4 Stealth
 * Level 1.6 Spellcasting
 * Level 3.6 Necromancy


You had 3 spell levels left.
You knew the following spells:

 Your Spells              Type           Power        Failure   Level
a - Pain                  Necr           32%          10%         1
b - Animate Skeleton      Necr           16%          10%         1

Your spell library contained the following spells:

 Spells                   Type           Power        Failure   Level
 Vampiric Draining        Necr           4%           30%         3
 Animate Dead             Necr           4%           69%         4
 Agony                    Necr           8%           95%         5


Dungeon Overview and Level Annotations

Branches:
Dungeon (2/15)

Altars:


Innate Abilities, Weirdness & Mutations

You are small and have problems with some larger weapons.
You are somewhat resistant to further mutation.


Message History

The worm struggles to resist.
You fade into invisibility!
You are very lightly contaminated with residual magic.
You hit the worm but do no damage. The worm closely misses you.
You hit the worm.
The worm is moderately wounded.
The worm barely misses you.
You hit the worm but do no damage.
The worm is lightly wounded.
You hit the worm.
The worm is moderately wounded.
The worm barely misses you.
You hit the worm but do no damage.
The worm is moderately wounded.
You completely miss the worm.
The worm is lightly wounded.
You hit the worm.
The worm is lightly wounded.
The worm bites you.
You die...

#....... ##.##+## #[.#...#
############## ##.+...'
##.....##.....## #..#...#
##..............## ##.##'##
##................# #.......
##..........w......# ##.#.#.#
#............@.....# #.......
#..................####.......
#........>.........##.........
#.....................####.###
#......†......^..)..####......
#........................#.###
##................####........
##.....##..).....##...#..#...
########........##.###......


You could see a worm.

Vanquished Creatures
  A dart slug (D:1)
  2 leopard geckos (D:1)
  2 giant cockroaches (D:1)
  5 goblins (D:1)
  3 hobgoblins (D:1)
  3 bats (D:1)
  A kobold (D:1)
  4 rats (D:1)
21 creatures vanquished.

Notes
Turn   | Place    | Note
-------+----------+-------------------------------------------
     0 | D:1      | Mattiprrivan the Halfling Necromancer began the quest for
                  | the Orb.
     0 | D:1      | Reached XP level 1. HP: 11/11 MP: 3/3
     2 | D:1      | Learned a level 1 spell: Animate Skeleton
    72 | D:1      | Reached XP level 2. HP: 9/17 MP: 0/4
   485 | D:1      | Reached XP level 3. HP: 8/21 MP: 0/5
   974 | D:1      | Slain by a worm

Illustrated notes

Levels and vault maps discovered:
D:1:      lightli_arrival_statuegarden, layout_rooms, minmay_misc_feat_doors
D:2:      layout_rooms

Action                   || total
-------------------------++-------
Melee: Dagger            ||    51
       Unarmed           ||     2
Throw: Throwing net      ||     4
 Cast: Pain              ||    30
       Animate Skeleton  ||     1
  Use: Scroll            ||     5
       Potion            ||     3
 Stab: Held in net/web   ||     2
       Sleeping          ||     2
Armor: Robe              ||     6
       Leather armour    ||     5
Dodge: Dodged            ||    43
